 Dungeon Crawl Stone Soup version 0.26-a0-466-g989023bd0d (webtiles) character file.

Game seed: 8862446574311078806

11 Inarius the Skirmisher (level 2, 0/32 HPs)
             Began as an Ogre Berserker on July 31, 2020.
             Was a Follower of Trog.
             Slain by a bat (1 damage)
             ... on level 1 of the Dungeon.
             The game lasted 00:00:53 (649 turns).

Inarius the Skirmisher (Ogre Berserker)              Turns: 649, Time: 00:00:54

Health: 0/32       AC: -1    Str: 20    XL:     2   Next: 25%
Magic:  2/2        EV: 10    Int:  8    God:    Trog [*.....]
Gold:   49         SH:  0    Dex:  8    Spells: 1/1 levels left

rFire    . . .     SeeInvis .   a - +0 mace
rCold    . . .     Faith    .   (no shield)
rNeg     . . .     Spirit   .   b - +0 animal skin
rPois    .         Reflect  .   (helmet restricted)
rElec    .         Harm     .   (no cloak)
rCorr    .                      (gloves unavailable)
MR       .....                  (boots unavailable)
Stlth    +.........             (no amulet)
HPRegen  0.10/turn              c - -4 ring of protection (curse)
MPRegen  0.08/turn              (no ring)

@: no status effects
A: large, unfitting armour, tough skin 1
a: Berserk, Renounce Religion


You were on level 1 of the Dungeon.
You worshipped Trog.
Trog was aware of your devotion.
You visited 1 branch of the dungeon, and saw 1 of its levels.

You collected 49 gold pieces.

Inventory:

Hand Weapons
 a - a +0 mace (weapon)
Armour
 b - a +0 animal skin (worn)
Jewellery
 c - a cursed -4 ring of protection (left hand)
Scrolls
 e - a scroll of identify {unknown}
 f - a scroll of random uselessness {unknown}
Potions
 d - a potion of degeneration {unknown}


   Skills:
 + Level 4.1 Fighting
 * Level 2.9 Maces & Flails
 - Level 3.0 Dodging


You had one spell level left.
You didn't know any spells.
Your spell library was empty.

Dungeon Overview and Level Annotations

Branches:
Dungeon (1/15)

Altars:


Innate Abilities, Weirdness & Mutations

You are too large for most types of armour.
You have tough skin. (AC +1)


Message History

The bat barely misses you. The bat hits you.
* * * LOW HITPOINT WARNING * * *
The bat hits you.
* * * LOW HITPOINT WARNING * * *
A jackal comes into view.
The bat barely misses you. The bat hits you.
* * * LOW HITPOINT WARNING * * *
The bat barely misses you. The bat barely misses you. x2
The bat barely misses you. The jackal bites you.
* * * LOW HITPOINT WARNING * * *
The bat barely misses you. The bat completely misses you. The jackal bites you.
* * * LOW HITPOINT WARNING * * *
The bat hits you.
* * * LOW HITPOINT WARNING * * *
The bat closely misses you. The bat hits you.
You die...

#...................##
######.#.#####...#####.....
............)....# #.....
#####.).###.....# #....# #...#
#.....#####....# #
#########...###.....##.##....# ..
....#........................ #.
#.#.#......###.h............. #..
#.#.#.......@bhg.h...........
#..##..........####hg..#...#..#.#
.................................
............................†....
#.###.#.)......####.....#..#..#.#
.........)..)..............#....#
......##..#......................
...(............................#
.................#......#........


You could see 4 jackals, a hobgoblin, a goblin and a bat.

Vanquished Creatures
  A dart slug (D:1)
  A goblin (D:1)
  A hobgoblin (D:1)
  A kobold (D:1)
  2 bats (D:1)
  2 frilled lizards (D:1)
  A rat (D:1)
9 creatures vanquished.

Notes
Turn   | Place    | Note
-------+----------+-------------------------------------------
     0 | D:1      | Inarius the Ogre Berserker began the quest for the Orb.
     0 | D:1      | Reached XP level 1. HP: 24/24 MP: 1/1
   377 | D:1      | Reached XP level 2. HP: 19/32 MP: 2/2
   647 | D:1      | HP: 1/32 [jackal (3)]
   649 | D:1      | Slain by a bat

Illustrated notes

Levels and vault maps discovered:
D:1:      scummos_arrival_forest, layout_basic

Skill      XL: |  1 |
---------------+----+-----
Dodging        | 3 |  3.0
Fighting       | |  4.1
Maces & Flails | |  2.9

Action                   || total
-------------------------++-------
Melee: Mace              ||    39
Dodge: Dodged            ||    51

Table legend: (Time is in decaauts)
 A = Elapsed time spent in this place.
 B = Non-inter-level travel time spent in this place.
 C = Inter-level travel time spent in this place.
 D = Time resting spent in this place.
 E = Time spent auto-exploring this place.
 F = Levels seen in this place.
 G = Mean time per level.
                   A        B        C        D        E       F      G
               +--------+--------+--------+--------+--------+-----+--------+
         Total |    658 |    658 |      0 |    431 |    118 |   1 |  658.0 |
       Dungeon |    658 |    658 |      0 |    431 |    118 |   1 |  658.0 |
               +--------+--------+--------+--------+--------+-----+--------+

Top non-repeatable levels by time:
     D:1: 658 daAuts
